 Dungeon Crawl Stone Soup version 0.24.0-13-gcf9b319 (webtiles) character file.

Game seed: 6914341850056282741, levelgen mode: deterministic

921 Fang the Shield-Bearer (level 8, -2/51 HPs)
             Began as a Gargoyle Fighter on Dec 13, 2019.
             Killed from afar by an electric eel (3 damage)
             ... with a bolt of electricity
             ... on level 5 of the Dungeon.
             The game lasted 00:03:41 (3744 turns).

Fang the Shield-Bearer (Gargoyle Fighter)           Turns: 3744, Time: 00:03:42

Health: -2/51      AC: 15    Str: 24    XL:     8   Next: 10%
Magic:  8/8        EV:  6    Int: 13    God:
Gold:   297        SH: 10    Dex:  9    Spells: 7/7 levels left

rFire    . . .     SeeInvis .   a - +0 war axe
rCold    . . .     Gourm    .   B - +0 shield
rNeg     + . .     Faith    .   b - +0 chain mail
rPois    ∞         Spirit   .   (no helmet)
rElec    +         Reflect  .   (no cloak)
rCorr    .         Harm     .   (no gloves)
MR       .....                  (no boots)
Stlth    ..........             (no amulet)
HPRegen  0.17/turn              g - +3 ring of strength
MPRegen  0.11/turn              q - +3 ring of intelligence

@: no status effects
A: negative energy resistance 1, electricity resistance, unbreathing,
petrification resistance, rot immunity, AC +5
a: no special abilities


You were on level 5 of the Dungeon.
You were very hungry.

You visited 1 branch of the dungeon, and saw 5 of its levels.

You collected 297 gold pieces.

Inventory:

Hand Weapons
 a - a +0 war axe (weapon)
Armour
 b - a +0 chain mail (worn)
 B - a +0 shield (worn)
Jewellery
 g - a +3 ring of strength (left hand)
 q - a +3 ring of intelligence (right hand)
Wands
 k - a wand of paralysis (18)
 m - a wand of iceblast (13)
Scrolls
 h - 2 scrolls of teleportation {unknown}
 j - 2 scrolls of remove curse {unknown}
 l - 2 scrolls of enchant armour {unknown}
 n - 3 scrolls of blinking {unknown}
 o - 6 scrolls of identify {unknown}
 t - a scroll of fog {unknown}
 v - a scroll of fear {unknown}
Potions
 d - 3 potions of might
 e - a potion of degeneration {unknown}
 f - 2 potions of brilliance {unknown}
 i - 2 potions of ambrosia {unknown}
 p - a potion of berserk rage {unknown}
 r - 4 potions of curing {unknown}
 s - 3 potions of flight {unknown}
 u - a potion of resistance {unknown}
 w - a potion of haste {unknown}
Comestibles
 c - 9 rations


   Skills:
 + Level 5.9 Fighting
 + Level 4.3 Axes
 + Level 5.9 Armour
 + Level 5.9 Shields


You had 7 spell levels left.
You didn't know any spells.
Your spell library contained the following spells:

 Spells                   Type           Power        Failure   Level  Hunger
 Beastly Appendage        Tmut           #.....       100%        1    ##.....
 Sticks to Snakes         Tmut           #.......     100%        2    ###....
 Spider Form              Tmut/Pois      #.........   100%        3    ####...
 Ice Form                 Ice/Tmut       #.......     100%        4    #####..
 Blade Hands              Tmut           #.........   100%        5    ######.


Dungeon Overview and Level Annotations

Branches:
Dungeon (5/15)
 Temple: D:4-7

Altars:
Elyvilon
The Shining One

Shops:
D:4 *


Innate Abilities, Weirdness & Mutations

You are resistant to torment.
Your stone body is resilient. (AC +5)
You are immune to poison.
You resist negative energy. (rN+)
You are resistant to electric shocks. (rElec)
You can survive without breathing.
You are immune to petrification.
You are immune to rotting.


Message History

* * * LOW HITPOINT WARNING * * *
The electric eel shoots out a bolt of lightning at you!
The bolt of electricity hits the electric eel.
The electric eel completely resists.
The bolt of electricity hits you. You resist.
* * * LOW HITPOINT WARNING * * *
The electric eel shoots out a bolt of lightning at you!
The bolt of electricity hits you. You resist.
* * * LOW HITPOINT WARNING * * *
There is an open door here.
The electric eel shoots out a bolt of lightning at you!
The bolt of electricity hits you. You resist.
* * * LOW HITPOINT WARNING * * *
The bolt of electricity hits you. You resist.
* * * LOW HITPOINT WARNING * * *
The electric eel shoots out a bolt of lightning at you!
The bolt of electricity hits the electric eel.
The electric eel completely resists.
The bolt of electricity hits you. You resist.
You die...

#######.#≈#....P([≈#.#.# #
##.......#.#'..P..≈≈#[#.# #
##..#####.#..#..≈≈≈≈##≈### #
#..#### #.##≈##########≈#######
##....####.#≈≈##..;/≈;##≈##....
####..# #.##≈#...P;.≈≈#.##.##.
##.###..#.#.....".≈#.##.##.
#..##..#.#'..PP≈≈≈#.#.....
##..#.##.@#..P($≈##'#..###
##...###.########......##
###...###.#.......###...
#.#............## ###.
#.#.....##.....# ##
#.#####..####### # ##.# ##.# #
######..# #.## # #......## #..#
#


You could see 3 electric eels.

Vanquished Creatures
  An ice beast (D:5)
  A sky beast (D:5)
  A centaur (D:5)
  3 electric eels (D:5)
  A crimson imp (D:5)
  A centaur zombie (D:5)
  4 orc wizards (D:4)
  A centaur skeleton (D:4)
  2 bullfrog skeletons
  2 worker ants (D:5)
  A hound zombie (D:5)
  A hound skeleton (D:5)
  A worker ant zombie (D:5)
  7 gnolls (D:4)
  4 adders
  An adder zombie (D:5)
  A worm (D:2)
  2 dart slugs
  4 leopard geckos
  7 orcs
  3 bats
  7 giant cockroaches
  4 goblins
  6 hobgoblins
  3 jackals (D:1)
  3 ball pythons
  6 frilled lizards
  6 kobolds
  6 rats
90 creatures vanquished.

Vanquished Creatures (others)
  A plant (D:5)
1 creature vanquished.

Grand Total: 91 creatures vanquished

Notes
Turn   | Place    | Note
-------+----------+-------------------------------------------
     0 | D:1      | Fang the Gargoyle Fighter began the quest for the Orb.
     0 | D:1      | Reached XP level 1. HP: 14/14 MP: 1/1
   127 | D:1      | Reached XP level 2. HP: 19/19 MP: 2/2
   344 | D:1      | Reached XP level 3. HP: 23/23 MP: 3/3
  1322 | D:3      | Reached XP level 4. HP: 29/29 MP: 4/4
  1542 | D:3      | Found a white marble altar of Elyvilon.
  1953 | D:4      | Reached XP level 5. HP: 23/33 MP: 5/5
  2190 | D:4      | Found Dinosum's Assorted Antiques.
  2243 | D:4      | Reached XP level 6. HP: 29/39 MP: 6/6
  2442 | D:4      | You fall into a shaft and drop 1 floor!
  2442 | D:5      | Entered Level 5 of the Dungeon
  2467 | D:5      | Found a glowing golden altar of the Shining One.
  2467 | D:5      | Noticed a sky beast
  2477 | D:5      | Reached skill level 5 in Fighting
  2477 | D:5      | Reached skill level 5 in Armour
  2477 | D:5      | Reached skill level 5 in Shields
  2477 | D:5      | Reached XP level 7. HP: 14/44 MP: 7/7
  2496 | D:5      | HP: 1/44 [sky beast (2)]
  3162 | D:5      | Reached XP level 8. HP: 40/51 MP: 8/8
  3744 | D:5      | HP: 2/51 [electric eel/bolt of electricity (1)]
  3744 | D:5      | Killed from afar by an electric eel

Levels and vault maps discovered:
D:1:      giann_forest_graveyard, layout_rooms, minmay_tromino_v4_a
D:2:      minmay_wonky_spiral, layout_basic
D:3:      layout_basic, marbit_many_paths, first_ration
D:4:      layout_rooms, kennysheep_little_box, serial_shops,
          nicolae_shop_overgrown_old_shop, minmay_door_square
D:5:      cheibrodos_two_vegetables, layout_rooms, old_standard_altar,
          portal_sewer_entry_e

Skill      XL: |  1  2  3  4  5  6  7 |
---------------+----------------------+-----
Axes           | 2 3 4 |  4.3
Fighting       | 4 5 |  5.9
Shields        | 4 5 |  5.9
Armour         | 4 5 |  5.9

Action                   |  1- 3 |  4- 6 |  7- 9 || total
-------------------------+-------+-------+-------++-------
Melee: War axe           |   132 |   141 |   138 ||   411
  Eat: Chunk             |     2 |     4 |     3 ||     9
Armor: Scale mail        |    61 |       |       ||    61
       Chain mail        |    11 |   166 |    83 ||   260
Dodge: Dodged            |    40 |    50 |    30 ||   120
Block: Shield            |    77 |   127 |    58 ||   262
